WCHLSIM.com - West Coast Hockey League
html PUBLIC "-//W3C//DTD XHTML 1.0 Transitional//EN" "http://www.w3.org/TR/xhtml1/DTD/xhtml1-transitional.dtd"> WCHL - Game 682 - COLORADO GLACIERCATS vs REGINA FALCONS

COLORADO GLACIERCATS vs REGINA FALCONS

Created - 25 janvier 2023 at 08:22

Goals
1 2 3 T
COLORADO GLACIERCATS 2 1 1 4
REGINA FALCONS 0 0 0 0
Shots
1 2 3 T
COLORADO GLACIERCATS 16 7 8 31
REGINA FALCONS 2 8 8 18

1st period

1. COLORADO GLACIERCATS , Luke Schenn 1 (Dominik Simon 4, Jamie Benn 10) at 7:05
2. COLORADO GLACIERCATS , Alex Iafallo 10 (Blake Wheeler 19, Tage Thompson 23) at 12:18

Penalties :
Ivan Provorov (REG) for Slashing (Minor) at 9:47, Blake Wheeler (COL) for Hooking (Minor) at 9:47, Jason Dickinson (REG) for Tripping (Minor) at 13:52, Luke Schenn (COL) for Hooking (Minor) at 16:57

2nd period

3. COLORADO GLACIERCATS , Tage Thompson 19 (Alex Iafallo 13, Kristopher Letang 28) at 7:16 (SH)

Penalties :
Dominik Simon (COL) for Roughing (Minor) at 6:48, Vince Dunn (COL) for Interference (Minor) at 16:23

3rd period

4. COLORADO GLACIERCATS , Tage Thompson 20 (Alex Iafallo 14, Blake Wheeler 20) at 15:24

Penalties :
Tomas Hertl (COL) for Charging (Minor) at 2:41, Marco Scandella (REG) for Holding (Minor) at 17:02

Goalie Stats

Marc-Andre Fleury (COL), 18 saves from 18 shots - (1,000), W, 23-9-4, 60:00 minutes
Chris Driedger (REG), 27 saves from 31 shots - (0,871), L, 4-16-1, 60:00 minutes

Players Stats for COLORADO GLACIERCATS

Player Name              G  A  P  +/- PIM S  H  SB GA TA FO     MP     PP MP  PK MP  
------------------------------------------------------------------------------------
Alex Iafallo             1  2  3   3  0   6  0  1  0  0  2/2    19:08   0:00   4:37 
Blake Wheeler            0  2  2   2  2   2  1  0  0  0  2/2    15:52   1:59   0:00 
Brayden Schenn           0  0  0   0  0   3  2  0  0  0  3/4    17:33   1:59   0:00 
Devon Toews              0  0  0   1  0   0  0  1  0  0  0/0    13:34   2:10   0:00 
Dominik Simon            0  1  1   1  2   0  3  0  0  0  3/15   12:56   0:00   0:19 
Gerald Mayhew            0  0  0   0  0   2  0  0  0  0  0/0     4:56   0:00   0:00 
Ilya Lyubushkin          0  0  0   0  0   0  0  1  0  0  0/0     4:41   0:00   1:03 
Jamie Benn               0  1  1   1  0   1  1  0  0  0  0/2    18:45   1:59   3:50 
Kristopher Letang        0  1  1   2  0   0  1  0  0  0  0/0    22:33   2:10   4:03 
Linus Sandin             0  0  0   1  0   0  0  0  0  0  0/0    12:54   0:00   0:16 
Luke Schenn              1  0  1   1  2   1  2  2  0  0  0/0    17:29   0:00   2:50 
Mario Ferraro            0  0  0   1  0   0  0  1  0  0  0/0    23:29   1:48   4:12 
Matthew Highmore         0  0  0   0  0   1  0  0  0  0  0/0     4:56   0:00   0:00 
Sam Reinhart             0  0  0   0  0   4  0  0  0  0  0/1    16:38   1:59   0:00 
Tage Thompson            2  1  3   3  0   7  2  0  0  0  9/24   25:57   1:59   4:04 
Tomas Hertl              0  0  0   0  2   4  0  0  0  0  14/19  20:27   1:59   2:46 
Vince Dunn               0  0  0   1  2   0  1  1  0  0  0/0    16:59   1:48   0:00 
Vladislav Gavrikov       0  0  0   2  0   0  0  0  0  0  0/0    21:13   0:00   3:44 

Players Stats for REGINA FALCONS

Player Name              G  A  P  +/- PIM S  H  SB GA TA FO     MP     PP MP  PK MP  
------------------------------------------------------------------------------------
Aaron Ekblad             0  0  0  -2  0   2  1  1  0  0  0/0    25:35   4:30   2:41 
Andrej Sekera            0  0  0  -2  0   1  0  1  0  0  0/0    16:43   0:24   0:00 
Ben Harpur               0  0  0  -2  0   0  3  1  0  0  0/0    16:41   0:24   0:24 
Benoit-Olivier Groulx    0  0  0   0  0   0  1  0  0  0  0/0     5:02   0:00   0:03 
Chris Tierney            0  0  0  -1  0   0  0  0  0  0  15/20  16:36   3:00   0:00 
David Pastrnak           0  0  0  -1  0   3  0  1  0  0  1/6    24:12   4:32   2:21 
Eduards Tralmaks         0  0  0  -2  0   1  1  0  0  0  0/0    16:30   0:24   0:00 
Filip Zadina             0  0  0  -1  0   2  0  0  0  0  0/0    16:36   3:00   0:00 
Ivan Provorov            0  0  0  -2  2   4  0  0  0  0  0/0    23:31   4:30   1:49 
James Hamblin            0  0  0  -2  0   1  0  0  0  0  8/13   16:55   0:00   0:49 
Jason Dickinson          0  0  0  -1  2   0  1  0  0  0  1/3    17:50   4:32   0:48 
Jeff Malott              0  0  0  -2  0   1  1  0  0  0  0/0    16:30   0:24   0:00 
Joel Armia               0  0  0  -1  0   2  3  0  0  0  1/5    19:18   3:00   1:37 
Kyle MacLean             0  0  0   0  0   0  0  0  0  0  0/0     0:24   0:24   0:00 
Marco Scandella          0  0  0   0  2   0  0  0  0  0  0/0    18:28   3:02   0:53 
Nicolas Hague            0  0  0   0  0   1  0  0  0  0  0/0    19:00   3:02   2:09 
Simon Ryfors             0  0  0   0  0   0  1  0  0  0  3/7     4:59   0:00   0:00 
Tyler Bozak              0  0  0  -1  0   0  0  0  0  0  7/15   19:10   4:32   2:18 

3 Stars

1 - Tage Thompson (COL)
2 - Alex Iafallo (COL)
3 - Marc-Andre Fleury (COL)

Power Play

COLORADO GLACIERCATS - 0 on 2 Attempt(s) - 0,00%
REGINA FALCONS - 0 on 4 Attempt(s) - 0,00%

Penalty Kill

COLORADO GLACIERCATS - 4 on 4 Attempt(s) - 100,00% - Score 1 goal in Penalty Kill
REGINA FALCONS - 2 on 2 Attempt(s) - 100,00% - Score 0 goal in Penalty Kill

Team Stat

COLORADO GLACIERCATS - Hits : 13 - Faceoff Wins : 33 - Blocked Shots : 7 - Penalty Minutes : 10
REGINA FALCONS - Hits : 12 - Faceoff Wins : 36 - Blocked Shots : 4 - Penalty Minutes : 6

Official

Referees : Conor O'Donnell and Jon McIsaac
Linesman : Steve Barton and Mark Shewchyk

Game Notes

No Game Note

Finance

Level 1 -- Attendance: 4581 (76,35%) -- Ticket Income 1 076 535 $
Level 2 -- Attendance: 3369 (67,38%) -- Ticket Income 606 420 $
Level 3 -- Attendance: 1416 (70,80%) -- Ticket Income 198 240 $
Level 4 -- Attendance: 3071 (76,78%) -- Ticket Income 276 390 $
Luxury Box -- Attendance: 1000 (100,00%) -- Ticket Income 220 000 $
Game was played at the Larouche Arena.
Total Attendance: 13437 (74,65%)
Total Ticket Income: 2 377 585 $
Other Expense: 23 776 $
Total Income: 2 353 809 $

COLORADO GLACIERCATS

5 vs 5 Forward 
   Center                   Left Wing                Right Wing               Time % Phy DF OF 
 1 Tage Thompson            Alex Iafallo             Blake Wheeler            36     0   1  4  
 2 Tomas Hertl              Brayden Schenn           Sam Reinhart             33     0   2  3  
 3 Dominik Simon            Jamie Benn               Linus Sandin             27     0   3  2  
 4 Tage Thompson            Matthew Highmore         Gerald Mayhew            4      0   3  2  

5 vs 5 Defense 
   Defense                  Defense                                           Time % Phy DF OF 
 1 Kristopher Letang        Luke Schenn                                       34     0   3  2  
 2 Vladislav Gavrikov       Mario Ferraro                                     34     0   3  2  
 3 Devon Toews              Vince Dunn                                        25     1   3  1  
 4 Vince Dunn               Ilya Lyubushkin                                   7      0   2  3  

PowerPlay Forward 
   Center                   Left Wing                Right Wing               Time % Phy DF OF 
 1 Tomas Hertl              Tage Thompson            Sam Reinhart             55     0   0  5  
 2 Brayden Schenn           Jamie Benn               Blake Wheeler            45     1   0  4  

PowerPlay Defense
   Defense                  Defense                                           Time % Phy DF OF 
 1 Kristopher Letang        Devon Toews                                       60     0   1  4  
 2 Mario Ferraro            Vince Dunn                                        40     0   2  3  

Penalty Kill 4 Players Forward 
   Center                   Wing                     Time % Phy DF OF 
 1 Tomas Hertl              Jamie Benn               50     0   4  1  
 2 Tage Thompson            Alex Iafallo             50     0   4  1  

Penalty Kill 4 Players Defense
   Defense                  Defense                  Time % Phy DF OF 
 1 Luke Schenn              Mario Ferraro            50     1   4  0  
 2 Kristopher Letang        Vladislav Gavrikov       50     1   4  0  

Penalty Kill - 3 Players Forward 
   Forward                                           Time % Phy DF OF 
 1 Tage Thompson                                     50     0   5  0  
 2 Tomas Hertl                                       50     0   5  0  

Penalty Kill - 3 Players Defense
   Defense                  Defense                  Time % Phy DF OF 
 1 Devon Toews              Mario Ferraro            50     0   5  0  
 2 Kristopher Letang        Vladislav Gavrikov       50     0   5  0  

4 vs 4 Forward 
   Center                   Wing                     Time % Phy DF OF 
 1 Tomas Hertl              Tage Thompson            50     0   1  4  
 2 Brayden Schenn           Blake Wheeler            50     0   1  4  

4 vs 4 Defense
   Defense                  Defense                  Time % Phy DF OF 
 1 Kristopher Letang        Vince Dunn               45     0   3  2  
 2 Mario Ferraro            Vladislav Gavrikov       55     0   3  2  

Last Minutes Offensive
   Center                   Left Wing                Right Wing               Defense                  Defense                  
   Tomas Hertl              Tage Thompson            Sam Reinhart             Kristopher Letang        Devon Toews              

Last Minutes Defensive
   Center                   Left Wing                Right Wing               Defense                  Defense                  
   Tomas Hertl              Alex Iafallo             Tage Thompson            Mario Ferraro            Kristopher Letang        

Goaltenders
Starting : Marc-Andre Fleury        
Backup : Kaapo Kahkonen           

Extra Forwards
Normal : Tage Thompson, Blake Wheeler, Jamie Benn - PP : Alex Iafallo, Tage Thompson - PK : Linus Sandin
Extra Defensemen
Normal : Ilya Lyubushkin, Vince Dunn, Luke Schenn - PP : Kristopher Letang - PK : Luke Schenn, Ilya Lyubushkin
Penalty Shots
Tomas Hertl, Sam Reinhart, Blake Wheeler, Brayden Schenn, Tage Thompson
Custom OT Lines Forwards
Tage Thompson, Tomas Hertl, Sam Reinhart, Blake Wheeler, Brayden Schenn, Alex Iafallo, Jamie Benn, Dominik Simon, Matthew Highmore, Linus Sandin
Custom OT Lines Defensemen
Kristopher Letang, Devon Toews, Vladislav Gavrikov, Mario Ferraro, Vince Dunn

Scratches
Leon Draisaitl (Lacerated Right Calf Injury), Ross Johnston (Left Hip Injury)

REGINA FALCONS

5 vs 5 Forward 
   Center                   Left Wing                Right Wing               Time % Phy DF OF 
 1 Tyler Bozak              Jason Dickinson          David Pastrnak           36     1   2  2  
 2 Chris Tierney            Filip Zadina             Joel Armia               31     1   2  2  
 3 James Hamblin            Jeff Malott              Eduards Tralmaks         23     1   2  2  
 4 Simon Ryfors             Benoit-Olivier Groulx    David Pastrnak           10     1   2  2  

5 vs 5 Defense 
   Defense                  Defense                                           Time % Phy DF OF 
 1 Aaron Ekblad             Ivan Provorov                                     36     1   2  2  
 2 Marco Scandella          Nicolas Hague                                     31     1   2  2  
 3 Andrej Sekera            Ben Harpur                                        23     1   2  2  
 4 Aaron Ekblad             Ivan Provorov                                     10     1   2  2  

PowerPlay Forward 
   Center                   Left Wing                Right Wing               Time % Phy DF OF 
 1 Tyler Bozak              Jason Dickinson          David Pastrnak           55     1   2  2  
 2 Chris Tierney            Filip Zadina             Joel Armia               45     1   2  2  

PowerPlay Defense
   Defense                  Defense                                           Time % Phy DF OF 
 1 Aaron Ekblad             Ivan Provorov                                     55     1   2  2  
 2 Marco Scandella          Nicolas Hague                                     45     1   2  2  

Penalty Kill 4 Players Forward 
   Center                   Wing                     Time % Phy DF OF 
 1 David Pastrnak           Tyler Bozak              55     1   2  2  
 2 Joel Armia               Jason Dickinson          45     1   2  2  

Penalty Kill 4 Players Defense
   Defense                  Defense                  Time % Phy DF OF 
 1 Aaron Ekblad             Ivan Provorov            55     1   2  2  
 2 Marco Scandella          Nicolas Hague            45     1   2  2  

Penalty Kill - 3 Players Forward 
   Forward                                           Time % Phy DF OF 
 1 David Pastrnak                                    55     1   2  2  
 2 Tyler Bozak                                       45     1   2  2  

Penalty Kill - 3 Players Defense
   Defense                  Defense                  Time % Phy DF OF 
 1 Aaron Ekblad             Ivan Provorov            55     1   2  2  
 2 Marco Scandella          Nicolas Hague            45     1   2  2  

4 vs 4 Forward 
   Center                   Wing                     Time % Phy DF OF 
 1 David Pastrnak           Tyler Bozak              55     1   2  2  
 2 Joel Armia               Jason Dickinson          45     1   2  2  

4 vs 4 Defense
   Defense                  Defense                  Time % Phy DF OF 
 1 Aaron Ekblad             Ivan Provorov            55     1   2  2  
 2 Marco Scandella          Nicolas Hague            45     1   2  2  

Last Minutes Offensive
   Center                   Left Wing                Right Wing               Defense                  Defense                  
   Tyler Bozak              Jason Dickinson          David Pastrnak           Aaron Ekblad             Ivan Provorov            

Last Minutes Defensive
   Center                   Left Wing                Right Wing               Defense                  Defense                  
   Tyler Bozak              Jason Dickinson          David Pastrnak           Aaron Ekblad             Ivan Provorov            

Goaltenders
Starting : Chris Driedger           
Backup : Cale Morris              

Extra Forwards
Normal : Kyle MacLean, Jeff Malott, James Hamblin - PP : Kyle MacLean, Jeff Malott - PK : James Hamblin
Extra Defensemen
Normal : Andrej Sekera, Ben Harpur, Marco Scandella - PP : Andrej Sekera - PK : Ben Harpur, Marco Scandella
Penalty Shots
David Pastrnak, Tyler Bozak, Joel Armia, Jason Dickinson, Chris Tierney
Custom OT Lines Forwards
David Pastrnak, Tyler Bozak, Joel Armia, Jason Dickinson, Chris Tierney, Filip Zadina, Jeff Malott, James Hamblin, Simon Ryfors, Eduards Tralmaks
Custom OT Lines Defensemen
Aaron Ekblad, Ivan Provorov, Marco Scandella, Nicolas Hague, Andrej Sekera

Scratches
Jonathan Drouin (Upper Body Injury), Jack Roslovic (Healthy), Ryan O'Reilly (Healthy), Jordan Binnington (Exhaustion)

% Time on Ice - COLORADO GLACIERCATS

Lines # - Real PCT - Wanted PCT - Time Play
Normal Forward
1 - 30% - 36% - 13:54
2 - 32% - 33% - 14:39
3 - 27% - 27% - 12:38
4 - 11% - 4% - 4:56
Normal Defense
1 - 32% - 34% - 14:40
2 - 36% - 34% - 16:25
3 - 25% - 25% - 11:24
4 - 8% - 7% - 3:38
PP Forward
1 - 50% - 55% - 1:59
2 - 50% - 45% - 1:59
PP Defense
1 - 55% - 60% - 2:10
2 - 45% - 40% - 1:48
PK Forward
1 - 49% - 50% - 3:52
2 - 51% - 50% - 4:04
PK Defense
1 - 53% - 50% - 4:12
2 - 47% - 50% - 3:44
PK3 Forward
1 - 0% - 50%
2 - 0% - 50%
PK3 Defense
1 - 0% - 50%
2 - 0% - 50%
44 Forward
1 - 54% - 50% - 1:04
2 - 46% - 50% - 0:55
44 Defense
1 - 46% - 45% - 0:55
2 - 54% - 55% - 1:04
Last Minute Offensive  - 0:00
Last Minute Defensive  - 0:00
Total
Forward - 60:00
Defense - 60:00

% Time on Ice - REGINA FALCONS

Lines # - Real PCT - Wanted PCT - Time Play
Normal Forward
1 - 25% - 36% - 11:26
2 - 29% - 31% - 13:36
3 - 35% - 23% - 16:06
4 - 11% - 10% - 4:59
Normal Defense
1 - 35% - 36% - 16:21
2 - 28% - 31% - 13:01
3 - 34% - 23% - 15:53
4 - 2% - 10% - 0:52
PP Forward
1 - 57% - 55% - 4:32
2 - 43% - 45% - 3:24
PP Defense
1 - 57% - 55% - 4:30
2 - 43% - 45% - 3:26
PK Forward
1 - 59% - 55% - 2:21
2 - 41% - 45% - 1:37
PK Defense
1 - 46% - 55% - 1:49
2 - 54% - 45% - 2:09
PK3 Forward
1 - 0% - 55%
2 - 0% - 45%
PK3 Defense
1 - 0% - 55%
2 - 0% - 45%
44 Forward
1 - 45% - 55% - 0:54
2 - 55% - 45% - 1:05
44 Defense
1 - 60% - 55% - 1:11
2 - 40% - 45% - 0:48
Last Minute Offensive  - 0:00
Last Minute Defensive  - 0:00
Total
Forward - 60:00
Defense - 60:00

Play-by-Play

1st period


0:01 of 1st period - Alex Iafallo wins face-off versus Tyler Bozak in neutral zone.
0:32 of 1st period - Ivan Provorov is hit by Tage Thompson and loses puck.
0:45 of 1st period - Shot by Blake Wheeler.
0:45 of 1st period - Shot Blocked by Aaron Ekblad.
0:47 of 1st period - Shot by Tage Thompson.
0:47 of 1st period - Shot Misses the Net.
1:56 of 1st period - Dominik Simon is hit by Joel Armia and loses puck.
2:20 of 1st period - Jamie Benn is hit by Ben Harpur and loses puck.
2:35 of 1st period - Shot by Tage Thompson.
2:35 of 1st period - Stopped by Chris Driedger with a rebound.
2:38 of 1st period - Icing by Andrej Sekera.
2:39 of 1st period - Tage Thompson wins face-off versus James Hamblin in REGINA FALCONS zone.
3:04 of 1st period - Shot by Alex Iafallo.
3:04 of 1st period - Stopped by Chris Driedger with a rebound.
4:02 of 1st period - Shot by Sam Reinhart.
4:02 of 1st period - Shot Misses the Net.
4:06 of 1st period - Shot by Brayden Schenn.
4:06 of 1st period - Stopped by Chris Driedger without a rebound.
4:07 of 1st period - Chris Tierney wins face-off versus Dominik Simon in REGINA FALCONS zone.
4:17 of 1st period - Icing by Devon Toews.
4:18 of 1st period - Chris Tierney wins face-off versus Dominik Simon in COLORADO GLACIERCATS zone.
5:19 of 1st period - Shot by Sam Reinhart.
5:19 of 1st period - Stopped by Chris Driedger without a rebound.
5:20 of 1st period - Tyler Bozak wins face-off versus Tage Thompson in REGINA FALCONS zone.
6:26 of 1st period - Aaron Ekblad is hit by Brayden Schenn and loses puck.
6:43 of 1st period - Shot by Tomas Hertl.
6:43 of 1st period - Stopped by Chris Driedger without a rebound.
6:44 of 1st period - James Hamblin wins face-off versus Dominik Simon in REGINA FALCONS zone.
6:48 of 1st period - Icing by Andrej Sekera.
6:49 of 1st period - James Hamblin wins face-off versus Dominik Simon in REGINA FALCONS zone.
7:03 of 1st period - Shot by Jamie Benn.
7:03 of 1st period - Deflect By Dominik Simon.
7:03 of 1st period - Shot Misses the Net.
7:05 of 1st period - Shot by Luke Schenn.
7:05 of 1st period - Goal by Luke Schenn - COLORADO GLACIERCATS : 1 - REGINA FALCONS : 0.
7:06 of 1st period - Chris Tierney wins face-off versus Tage Thompson in neutral zone.
7:08 of 1st period - Joel Armia is hit by Vince Dunn and loses puck.
7:13 of 1st period - Shot by Filip Zadina.
7:13 of 1st period - Stopped by Marc-Andre Fleury without a rebound.
7:14 of 1st period - Tage Thompson wins face-off versus James Hamblin in COLORADO GLACIERCATS zone.
7:16 of 1st period - Icing by Blake Wheeler.
7:17 of 1st period - James Hamblin wins face-off versus Tage Thompson in COLORADO GLACIERCATS zone.
7:22 of 1st period - Shot by Eduards Tralmaks.
7:22 of 1st period - Shot Blocked by Devon Toews.
8:36 of 1st period - Shot by Brayden Schenn.
8:36 of 1st period - Stopped by Chris Driedger without a rebound.
8:37 of 1st period - Tyler Bozak wins face-off versus Dominik Simon in REGINA FALCONS zone.
9:08 of 1st period - Icing by Luke Schenn.
9:09 of 1st period - Dominik Simon wins face-off versus Chris Tierney in COLORADO GLACIERCATS zone.
9:38 of 1st period - Shot by Tomas Hertl.
9:38 of 1st period - Stopped by Chris Driedger without a rebound.
9:39 of 1st period - Blake Wheeler wins face-off versus Simon Ryfors in REGINA FALCONS zone.
9:45 of 1st period - Ilya Lyubushkin is hit by Aaron Ekblad and loses puck.
9:47 of 1st period - Minor Penalty to Ivan Provorov for Slashing.
9:47 of 1st period - Minor Penalty to Blake Wheeler for Hooking.
9:48 of 1st period - Tomas Hertl wins face-off versus David Pastrnak in REGINA FALCONS zone.
10:49 of 1st period - Off-side.
10:50 of 1st period - Joel Armia wins face-off versus Jamie Benn in neutral zone.
10:53 of 1st period - Brayden Schenn is hit by Jason Dickinson.
11:33 of 1st period - Shot by Brayden Schenn.
11:33 of 1st period - Shot Misses the Net.
11:37 of 1st period - Shot by Jamie Benn.
11:37 of 1st period - Stopped by Chris Driedger without a rebound.
11:38 of 1st period - Tomas Hertl wins face-off versus David Pastrnak in REGINA FALCONS zone.
12:18 of 1st period - Shot by Alex Iafallo.
12:18 of 1st period - Goal by Alex Iafallo - COLORADO GLACIERCATS : 2 - REGINA FALCONS : 0.
12:19 of 1st period - Tomas Hertl wins face-off versus Simon Ryfors in neutral zone.
12:24 of 1st period - Shot by Sam Reinhart.
12:24 of 1st period - Stopped by Chris Driedger without a rebound.
12:25 of 1st period - Simon Ryfors wins face-off versus Sam Reinhart in REGINA FALCONS zone.
12:47 of 1st period - Shot by Sam Reinhart.
12:47 of 1st period - Deflect By Tomas Hertl.
12:47 of 1st period - Stopped by Chris Driedger without a rebound.
12:48 of 1st period - Blake Wheeler wins face-off versus Chris Tierney in REGINA FALCONS zone.
13:01 of 1st period - Shot by Blake Wheeler.
13:01 of 1st period - Stopped by Chris Driedger with a rebound.
13:06 of 1st period - Shot by Tage Thompson.
13:06 of 1st period - Shot Misses the Net.
13:08 of 1st period - Shot by Alex Iafallo.
13:08 of 1st period - Shot Misses the Net.
13:37 of 1st period - Icing by Alex Iafallo.
13:38 of 1st period - Tyler Bozak wins face-off versus Tage Thompson in COLORADO GLACIERCATS zone.
13:52 of 1st period - Minor Penalty to Jason Dickinson for Tripping.
13:53 of 1st period - David Pastrnak wins face-off versus Tomas Hertl in REGINA FALCONS zone.
14:10 of 1st period - Shot by Tage Thompson.
14:10 of 1st period - Stopped by Chris Driedger with a rebound.
15:30 of 1st period - Icing by Brayden Schenn.
15:31 of 1st period - Brayden Schenn wins face-off versus David Pastrnak in COLORADO GLACIERCATS zone.
16:28 of 1st period - Shot by Alex Iafallo.
16:28 of 1st period - Stopped by Chris Driedger without a rebound.
16:29 of 1st period - Chris Tierney wins face-off versus Tomas Hertl in REGINA FALCONS zone.
16:40 of 1st period - Shot by Sam Reinhart.
16:40 of 1st period - Stopped by Chris Driedger without a rebound.
16:41 of 1st period - Tage Thompson wins face-off versus Simon Ryfors in REGINA FALCONS zone.
16:56 of 1st period - Shot by David Pastrnak.
16:56 of 1st period - Stopped by Marc-Andre Fleury without a rebound.
16:57 of 1st period - Chris Tierney wins face-off versus Brayden Schenn in COLORADO GLACIERCATS zone.
16:57 of 1st period - Minor Penalty to Luke Schenn for Hooking.
16:58 of 1st period - Tomas Hertl wins face-off versus Tyler Bozak in COLORADO GLACIERCATS zone.
Goals for this period are 2 for COLORADO GLACIERCATS vs 0 for REGINA FALCONS.
Shots for this period are 16 for COLORADO GLACIERCATS vs 2 for REGINA FALCONS.

2nd period


0:01 of 2nd period - Tomas Hertl wins face-off versus Tyler Bozak in neutral zone.
0:28 of 2nd period - Shot by Brayden Schenn.
0:28 of 2nd period - Stopped by Chris Driedger with a rebound.
1:26 of 2nd period - Shot by Blake Wheeler.
1:26 of 2nd period - Stopped by Chris Driedger without a rebound.
1:27 of 2nd period - James Hamblin wins face-off versus Dominik Simon in REGINA FALCONS zone.
1:27 of 2nd period - James Hamblin is hit by Dominik Simon.
2:18 of 2nd period - Icing by Andrej Sekera.
2:19 of 2nd period - Tomas Hertl wins face-off versus James Hamblin in REGINA FALCONS zone.
2:32 of 2nd period - Sam Reinhart is hit by Jeff Malott and loses puck.
2:54 of 2nd period - Tomas Hertl is hit by Ben Harpur and loses puck.
3:32 of 2nd period - Shot by Tage Thompson.
3:32 of 2nd period - Shot Blocked by Ben Harpur.
3:40 of 2nd period - Shot by Alex Iafallo.
3:40 of 2nd period - Stopped by Chris Driedger without a rebound.
3:41 of 2nd period - Dominik Simon wins face-off versus Jason Dickinson in REGINA FALCONS zone.
3:42 of 2nd period - Shot by Jamie Benn.
3:42 of 2nd period - Shot Misses the Net.
4:02 of 2nd period - Shot by Jason Dickinson.
4:02 of 2nd period - Shot Misses the Net.
4:04 of 2nd period - Shot by David Pastrnak.
4:04 of 2nd period - Shot Misses the Net.
4:06 of 2nd period - Shot by David Pastrnak.
4:06 of 2nd period - Shot Misses the Net.
6:00 of 2nd period - Sam Reinhart is hit by Benoit-Olivier Groulx and loses puck.
6:07 of 2nd period - Shot by David Pastrnak.
6:07 of 2nd period - Shot Misses the Net.
6:41 of 2nd period - Shot by Tage Thompson.
6:41 of 2nd period - Shot Misses the Net.
6:46 of 2nd period - Icing by Nicolas Hague.
6:47 of 2nd period - Chris Tierney wins face-off versus Jamie Benn in REGINA FALCONS zone.
6:47 of 2nd period - Joel Armia is hit by Dominik Simon and loses puck.
6:48 of 2nd period - Minor Penalty to Dominik Simon for Roughing.
6:49 of 2nd period - Tage Thompson wins face-off versus Tyler Bozak in COLORADO GLACIERCATS zone.
7:16 of 2nd period - Shot by Tage Thompson.
7:16 of 2nd period - Goal by Tage Thompson - COLORADO GLACIERCATS : 3 - REGINA FALCONS : 0.
7:17 of 2nd period - Tomas Hertl wins face-off versus Chris Tierney in neutral zone.
7:56 of 2nd period - Icing by Aaron Ekblad.
7:57 of 2nd period - Tage Thompson wins face-off versus Tyler Bozak in REGINA FALCONS zone.
8:16 of 2nd period - Shot by Aaron Ekblad.
8:16 of 2nd period - Shot Misses the Net.
8:18 of 2nd period - Shot by Ivan Provorov.
8:18 of 2nd period - Stopped by Marc-Andre Fleury with a rebound.
8:46 of 2nd period - Shot by Eduards Tralmaks.
8:46 of 2nd period - Stopped by Marc-Andre Fleury without a rebound.
8:47 of 2nd period - Tomas Hertl wins face-off versus Joel Armia in COLORADO GLACIERCATS zone.
9:51 of 2nd period - Shot by Sam Reinhart.
9:51 of 2nd period - Shot Hit the Post.
9:57 of 2nd period - Shot by Brayden Schenn.
9:57 of 2nd period - Shot Misses the Net.
10:11 of 2nd period - Icing by Vladislav Gavrikov.
10:12 of 2nd period - Tomas Hertl wins face-off versus Chris Tierney in COLORADO GLACIERCATS zone.
12:13 of 2nd period - Shot by Jamie Benn.
12:13 of 2nd period - Shot Blocked by David Pastrnak.
13:28 of 2nd period - Ilya Lyubushkin is hit by Eduards Tralmaks and loses puck.
13:57 of 2nd period - Shot by Filip Zadina.
13:57 of 2nd period - Stopped by Marc-Andre Fleury without a rebound.
13:58 of 2nd period - Chris Tierney wins face-off versus Tage Thompson in COLORADO GLACIERCATS zone.
14:21 of 2nd period - Shot by Filip Zadina.
14:21 of 2nd period - Shot Misses the Net.
14:31 of 2nd period - Shot by Chris Tierney.
14:31 of 2nd period - Shot Misses the Net.
14:33 of 2nd period - Shot by Andrej Sekera.
14:33 of 2nd period - Stopped by Marc-Andre Fleury without a rebound.
14:34 of 2nd period - Tomas Hertl wins face-off versus Simon Ryfors in COLORADO GLACIERCATS zone.
14:49 of 2nd period - Mario Ferraro is hit by Simon Ryfors and loses puck.
15:29 of 2nd period - Icing by David Pastrnak.
15:30 of 2nd period - Simon Ryfors wins face-off versus Dominik Simon in REGINA FALCONS zone.
15:30 of 2nd period - Simon Ryfors is hit by Jamie Benn.
16:11 of 2nd period - Filip Zadina is hit by Luke Schenn and loses puck.
16:18 of 2nd period - Shot by Filip Zadina.
16:18 of 2nd period - Shot Misses the Net.
16:20 of 2nd period - Shot by Aaron Ekblad.
16:20 of 2nd period - Stopped by Marc-Andre Fleury with a rebound.
16:22 of 2nd period - Shot by Ivan Provorov.
16:22 of 2nd period - Stopped by Marc-Andre Fleury without a rebound.
16:23 of 2nd period - James Hamblin wins face-off versus Tage Thompson in COLORADO GLACIERCATS zone.
16:23 of 2nd period - Minor Penalty to Vince Dunn for Interference.
16:24 of 2nd period - Tage Thompson wins face-off versus Tyler Bozak in COLORADO GLACIERCATS zone.
16:48 of 2nd period - Shot by David Pastrnak.
16:48 of 2nd period - Shot Blocked by Alex Iafallo.
16:50 of 2nd period - Shot by Ivan Provorov.
16:50 of 2nd period - Deflect By David Pastrnak.
16:50 of 2nd period - Shot Misses the Net.
16:52 of 2nd period - Shot by Aaron Ekblad.
16:52 of 2nd period - Stopped by Marc-Andre Fleury without a rebound.
16:53 of 2nd period - Chris Tierney wins face-off versus Tomas Hertl in COLORADO GLACIERCATS zone.
17:04 of 2nd period - Shot by Nicolas Hague.
17:04 of 2nd period - Stopped by Marc-Andre Fleury without a rebound.
17:05 of 2nd period - Chris Tierney wins face-off versus Tage Thompson in COLORADO GLACIERCATS zone.
17:32 of 2nd period - Shot by Ivan Provorov.
17:32 of 2nd period - Shot Misses the Net.
17:34 of 2nd period - Shot by Ivan Provorov.
17:34 of 2nd period - Shot Misses the Net.
18:27 of 2nd period - Shot by Jamie Benn.
18:27 of 2nd period - Shot Misses the Net.
18:29 of 2nd period - Shot by Tage Thompson.
18:29 of 2nd period - Stopped by Chris Driedger with a rebound.
18:31 of 2nd period - Shot by Matthew Highmore.
18:31 of 2nd period - Stopped by Chris Driedger with a rebound.
18:33 of 2nd period - Shot by Vince Dunn.
18:33 of 2nd period - Shot Misses the Net.
18:35 of 2nd period - Shot by Gerald Mayhew.
18:35 of 2nd period - Stopped by Chris Driedger without a rebound.
18:36 of 2nd period - Tomas Hertl wins face-off versus James Hamblin in REGINA FALCONS zone.
19:08 of 2nd period - Shot by James Hamblin.
19:08 of 2nd period - Shot Blocked by Ilya Lyubushkin.
19:58 of 2nd period - Shot by Tage Thompson.
19:58 of 2nd period - Shot Misses the Net.
Goals for this period are 1 for COLORADO GLACIERCATS vs 0 for REGINA FALCONS.
Shots for this period are 7 for COLORADO GLACIERCATS vs 8 for REGINA FALCONS.

3rd period


0:01 of 3rd period - Alex Iafallo wins face-off versus Tyler Bozak in neutral zone.
0:06 of 3rd period - Shot by Alex Iafallo.
0:06 of 3rd period - Shot Misses the Net.
0:08 of 3rd period - Shot by Alex Iafallo.
0:08 of 3rd period - Stopped by Chris Driedger without a rebound.
0:09 of 3rd period - Tage Thompson wins face-off versus Jason Dickinson in REGINA FALCONS zone.
1:28 of 3rd period - Nicolas Hague is hit by Dominik Simon and loses puck.
1:44 of 3rd period - Icing by Jamie Benn.
1:45 of 3rd period - Dominik Simon wins face-off versus James Hamblin in COLORADO GLACIERCATS zone.
2:41 of 3rd period - Minor Penalty to Tomas Hertl for Charging.
2:42 of 3rd period - Chris Tierney wins face-off versus Tage Thompson in COLORADO GLACIERCATS zone.
2:43 of 3rd period - Shot by Ivan Provorov.
2:43 of 3rd period - Stopped by Marc-Andre Fleury without a rebound.
2:44 of 3rd period - Tyler Bozak wins face-off versus Tage Thompson in COLORADO GLACIERCATS zone.
2:45 of 3rd period - Shot by David Pastrnak.
2:45 of 3rd period - Shot Misses the Net.
2:47 of 3rd period - Shot by Ivan Provorov.
2:47 of 3rd period - Shot Misses the Net.
2:53 of 3rd period - Shot by Aaron Ekblad.
2:53 of 3rd period - Shot Misses the Net.
2:55 of 3rd period - Shot by David Pastrnak.
2:55 of 3rd period - Stopped by Marc-Andre Fleury with a rebound.
2:57 of 3rd period - Shot by Ivan Provorov.
2:57 of 3rd period - Stopped by Marc-Andre Fleury without a rebound.
2:58 of 3rd period - Tage Thompson wins face-off versus Chris Tierney in COLORADO GLACIERCATS zone.
3:34 of 3rd period - Shot by Joel Armia.
3:34 of 3rd period - Stopped by Marc-Andre Fleury without a rebound.
3:35 of 3rd period - Tyler Bozak wins face-off versus Tage Thompson in COLORADO GLACIERCATS zone.
3:54 of 3rd period - David Pastrnak is hit by Kristopher Letang and loses puck.
5:17 of 3rd period - Shot by Tomas Hertl.
5:17 of 3rd period - Shot Misses the Net.
5:24 of 3rd period - Off-side.
5:25 of 3rd period - Chris Tierney wins face-off versus Tage Thompson in neutral zone.
5:33 of 3rd period - Shot by Gerald Mayhew.
5:33 of 3rd period - Stopped by Chris Driedger without a rebound.
5:34 of 3rd period - Chris Tierney wins face-off versus Tage Thompson in REGINA FALCONS zone.
6:10 of 3rd period - Shot by Alex Iafallo.
6:10 of 3rd period - Stopped by Chris Driedger without a rebound.
6:11 of 3rd period - Tyler Bozak wins face-off versus Tomas Hertl in REGINA FALCONS zone.
6:23 of 3rd period - Marco Scandella is hit by Brayden Schenn.
6:24 of 3rd period - Icing by Marco Scandella.
6:25 of 3rd period - Jason Dickinson wins face-off versus Dominik Simon in REGINA FALCONS zone.
6:56 of 3rd period - Shot by David Pastrnak.
6:56 of 3rd period - Shot Blocked by Vince Dunn.
7:08 of 3rd period - Icing by Dominik Simon.
7:09 of 3rd period - Chris Tierney wins face-off versus Dominik Simon in COLORADO GLACIERCATS zone.
7:39 of 3rd period - Aaron Ekblad is hit by Blake Wheeler and loses puck.
7:48 of 3rd period - Shot by Joel Armia.
7:48 of 3rd period - Shot Blocked by Luke Schenn.
7:50 of 3rd period - Shot by Aaron Ekblad.
7:50 of 3rd period - Shot Misses the Net.
7:52 of 3rd period - Shot by Chris Tierney.
7:52 of 3rd period - Shot Blocked by Luke Schenn.
8:06 of 3rd period - Andrej Sekera is hit by Luke Schenn and loses puck.
8:22 of 3rd period - Shot by Tomas Hertl.
8:22 of 3rd period - Shot Misses the Net.
8:36 of 3rd period - Shot by Sam Reinhart.
8:36 of 3rd period - Shot Misses the Net.
8:38 of 3rd period - Shot by Tomas Hertl.
8:38 of 3rd period - Shot Misses the Net.
8:40 of 3rd period - Shot by Tomas Hertl.
8:40 of 3rd period - Shot Hit the Post.
8:42 of 3rd period - Shot by Tomas Hertl.
8:42 of 3rd period - Shot Misses the Net.
9:27 of 3rd period - Shot by David Pastrnak.
9:27 of 3rd period - Shot Misses the Net.
9:29 of 3rd period - Shot by Marco Scandella.
9:29 of 3rd period - Deflect By David Pastrnak.
9:29 of 3rd period - Stopped by Marc-Andre Fleury without a rebound.
9:30 of 3rd period - Simon Ryfors wins face-off versus Dominik Simon in COLORADO GLACIERCATS zone.
9:40 of 3rd period - Shot by David Pastrnak.
9:40 of 3rd period - Shot Misses the Net.
10:23 of 3rd period - Icing by Linus Sandin.
10:24 of 3rd period - Chris Tierney wins face-off versus Dominik Simon in COLORADO GLACIERCATS zone.
10:40 of 3rd period - Ilya Lyubushkin is hit by Joel Armia and loses puck.
10:49 of 3rd period - Shot by Filip Zadina.
10:49 of 3rd period - Shot Hit the Post.
10:51 of 3rd period - Shot by Joel Armia.
10:51 of 3rd period - Stopped by Marc-Andre Fleury without a rebound.
10:52 of 3rd period - Tage Thompson wins face-off versus Tyler Bozak in COLORADO GLACIERCATS zone.
12:10 of 3rd period - Shot by Brayden Schenn.
12:10 of 3rd period - Deflect By Sam Reinhart.
12:10 of 3rd period - Shot Misses the Net.
12:39 of 3rd period - Shot by James Hamblin.
12:39 of 3rd period - Stopped by Marc-Andre Fleury without a rebound.
12:40 of 3rd period - James Hamblin wins face-off versus Tage Thompson in COLORADO GLACIERCATS zone.
12:43 of 3rd period - Shot by Jeff Malott.
12:43 of 3rd period - Stopped by Marc-Andre Fleury without a rebound.
12:44 of 3rd period - James Hamblin wins face-off versus Tage Thompson in COLORADO GLACIERCATS zone.
13:16 of 3rd period - Icing by Devon Toews.
13:17 of 3rd period - Tyler Bozak wins face-off versus Tage Thompson in COLORADO GLACIERCATS zone.
14:16 of 3rd period - Shot by Tomas Hertl.
14:16 of 3rd period - Stopped by Chris Driedger without a rebound.
14:17 of 3rd period - Chris Tierney wins face-off versus Dominik Simon in REGINA FALCONS zone.
14:31 of 3rd period - Mario Ferraro is hit by Joel Armia and loses puck.
14:46 of 3rd period - Shot by Linus Sandin.
14:46 of 3rd period - Shot Misses the Net.
15:16 of 3rd period - Shot by Tage Thompson.
15:16 of 3rd period - Shot Misses the Net.
15:24 of 3rd period - Shot by Tage Thompson.
15:24 of 3rd period - Goal by Tage Thompson - COLORADO GLACIERCATS : 4 - REGINA FALCONS : 0.
15:25 of 3rd period - James Hamblin wins face-off versus Tomas Hertl in neutral zone.
15:37 of 3rd period - Shot by James Hamblin.
15:37 of 3rd period - Deflect By Jeff Malott.
15:37 of 3rd period - Shot Misses the Net.
15:43 of 3rd period - Shot by Sam Reinhart.
15:43 of 3rd period - Stopped by Chris Driedger with a rebound.
15:47 of 3rd period - Shot by Brayden Schenn.
15:47 of 3rd period - Shot Blocked by Andrej Sekera.
15:49 of 3rd period - Shot by Tomas Hertl.
15:49 of 3rd period - Shot Misses the Net.
15:51 of 3rd period - Shot by Tomas Hertl.
15:51 of 3rd period - Deflect By Sam Reinhart.
15:51 of 3rd period - Shot Misses the Net.
15:53 of 3rd period - Shot by Brayden Schenn.
15:53 of 3rd period - Shot Misses the Net.
16:39 of 3rd period - Alex Iafallo is hit by Ben Harpur and loses puck.
16:56 of 3rd period - Nicolas Hague is hit by Tage Thompson and loses puck.
17:02 of 3rd period - Minor Penalty to Marco Scandella for Holding.
17:03 of 3rd period - Brayden Schenn wins face-off versus David Pastrnak in REGINA FALCONS zone.
17:37 of 3rd period - Shot by Jamie Benn.
17:37 of 3rd period - Shot Misses the Net.
17:48 of 3rd period - Icing by Tage Thompson.
17:49 of 3rd period - Tomas Hertl wins face-off versus Joel Armia in COLORADO GLACIERCATS zone.
17:53 of 3rd period - Off-side.
17:54 of 3rd period - Tomas Hertl wins face-off versus Joel Armia in neutral zone.
18:09 of 3rd period - Shot by Tage Thompson.
18:09 of 3rd period - Stopped by Chris Driedger without a rebound.
18:10 of 3rd period - Tomas Hertl wins face-off versus David Pastrnak in REGINA FALCONS zone.
18:45 of 3rd period - Shot by Tomas Hertl.
18:45 of 3rd period - Deflect By Tage Thompson.
18:45 of 3rd period - Stopped by Chris Driedger without a rebound.
18:46 of 3rd period - Brayden Schenn wins face-off versus Joel Armia in REGINA FALCONS zone.
19:34 of 3rd period - Shot by Ivan Provorov.
19:34 of 3rd period - Shot Blocked by Mario Ferraro.
Goals for this period are 1 for COLORADO GLACIERCATS vs 0 for REGINA FALCONS.
Shots for this period are 8 for COLORADO GLACIERCATS vs 8 for REGINA FALCONS.


OWEN
TIPPETT
GUSTAV
FORSLING
MATTHEW
BOLDY

EAST COAST

HOCKEY LEAGUE

  • 67.PIT4RHI2
  • 68.ATL5WOR3
  • 69.QUECHW
  • 70.CHATRV